 Dungeon Crawl Stone Soup version 0.31.0-11-ge490571c62 (webtiles) character file.

Game seed: 8179497415817642259

26961 Marvel the Basher (level 13, -15/131 HPs)
             Began as a Troll Berserker on Feb 9, 2024.
             Was a High Priest of Trog.
             Demolished by Azrael
             ... wielding a +4 scimitar of flaming
              (20 damage)
             ... on level 14 of the Dungeon.
             The game lasted 00:21:48 (11437 turns).

Marvel the Basher (Troll Berserker)                Turns: 11437, Time: 00:21:49

Health: -15/131    AC: 17    Str: 32    XL:     13   Next: 1%
Magic:  4/4        EV: 17    Int: 10    God:    Trog [*****.]
Gold:   683        SH:  0    Dex:  9    Spells: 12/12 levels left

rFire   . . .        N - +9 dire flail (antimagic)
rCold   . . .        (shield currently unavailable)
rNeg    . . .        C - +7 toga "Victory" {*Victory Int+7 Slay+7 Clar}
rPois   .            W - +2 hat {Will+}
rElec   .            (no cloak)
rCorr   .            (gloves unavailable)
SInv    .            (boots unavailable)
Will    +....        e - amulet of faith
Stlth   ++           K - +4 ring of protection
HPRegen 1.21/turn    G - +5 ring of evasion
MPRegen 0.09/turn

%: clarity, faith
@: on berserk cooldown, studying Ranged Weapons
A: large, unfitting armour, claws 3, regeneration 1, shaggy fur 1, tough skin 1
a: Renounce Religion, Berserk, Trog's Hand, Brothers in Arms


You were on level 14 of the Dungeon.
You worshipped Trog.
Trog was extremely pleased with you.
You visited 1 branch of the dungeon, and saw 14 of its levels.
You also visited: Sewer.

You collected 779 gold pieces.
You spent 96 gold pieces at shops.

Inventory:

Hand Weapons
 f - a +2 mace of protection
 M - a +4 mace of freezing
 N - a +9 antimagic dire flail (weapon)
 V - the +1 great mace "Petilupa" {flame, *Rage rC+ rN+ SInv}
   (Trog gifted it to you on level 11 of the Dungeon)

   rC+:       It protects you from cold.
   rN+:       It protects you from negative energy.
   SInv:      It lets you see invisible.
   *Rage:     It berserks you when you make melee attacks (+20% chance).
Missiles
 i - 8 poisoned darts (quivered)
 r - 14 boomerangs
 z - a throwing net
 D - 4 atropa-tipped darts
Armour
 C - the +7 toga "Victory" (worn) {*Victory Int+7 Slay+7 Clar}
   (You found it on level 4 of the Dungeon)

   *Victory:  When the wearer kills a threatening monster, it has a chance to
   gain +1 AC, +1 Slay, and +1 Int, capping at +7.
   When the wearer uses a scroll or a potion with a hostile monster in sight,
   its bonuses reset to +0.
   Unequipping it also resets its bonuses to +0.
   Int+7:     It affects your intelligence (+7).
   Slay+7:    It affects your accuracy & damage with ranged weapons and melee
   (+7).
   Clar:      It protects you from confusion, rage, mesmerisation and fear.
 W - a +2 hat of willpower (worn)
Jewellery
 e - an amulet of faith (around neck)
 u - a +6 ring of dexterity
 G - a +5 ring of evasion (right claw)
 K - a +4 ring of protection (left claw)
 R - a +5 ring of evasion
 T - a +6 ring of strength
Talismans
 X - a maw talisman
Wands
 a - a wand of mindburst (9)
 n - a wand of flame (11)
 y - a wand of polymorph (26)
 O - a wand of charming (9)
 Z - a wand of roots (5)
Scrolls
 b - a scroll of butterflies {unknown}
 c - 7 scrolls of blinking {unknown}
 d - 6 scrolls of identify {unknown}
 j - a scroll of revelation {unknown}
 k - 5 scrolls of teleportation {unknown}
 m - a scroll of silence {unknown}
 p - a scroll of noise {unknown}
 t - a scroll of acquirement {unknown}
 v - a scroll of brand weapon {unknown}
 A - 3 scrolls of enchant weapon
 H - a scroll of enchant armour
 J - a scroll of fear
 P - 3 scrolls of vulnerability
Potions
 g - 5 potions of enlightenment {unknown}
 h - 2 potions of mutation {unknown}
 l - 2 potions of haste {unknown}
 o - 4 potions of cancellation {unknown}
 q - 2 potions of magic {unknown}
 s - 2 potions of resistance {unknown}
 w - 4 potions of curing
 x - 2 potions of heal wounds
 B - a potion of brilliance {unknown}
 E - a potion of might {unknown}
 F - 2 potions of ambrosia {unknown}
 Q - 3 potions of invisibility {unknown}
 S - a potion of degeneration {unknown}
 U - a potion of lignification {unknown}


   Skills:
 + Level 9.1 Fighting
 + Level 14.5 Maces & Flails
 + Level 4.7 Throwing
 + Level 8.5 Dodging
 + Level 3.0 Stealth
 + Level 1.1 Unarmed Combat


You had 12 spell levels left.
You didn't know any spells.
Your spell library was empty.

Dungeon Overview and Level Annotations

Branches:
Dungeon (14/15)            Temple (0/1) D:5            Lair (0/5) D:9
    Orc (0/2) D:11          Sewer (visited)
 Vaults: D:13-14

Altars:
Ashenzari
Cheibriados
Okawaru
Qazlal
Xom

Shops:
D:4 !   D:10 *(!

Annotations:
D:14 Azrael


Innate Abilities, Weirdness & Mutations

You are too large for most types of armour.
You have claws for hands.
Your natural rate of healing is unusually fast.
You are covered in fur. (AC +1)
You have tough skin. (AC +1)


Message History

The fire elemental burns you! The hell hound completely misses you.
The fire elemental hits you. The fire elemental burns you!
You're still recovering from your berserk rage.
The basilisk hisses angrily.
You impale the hell hound!!
You kill the hell hound!
Trog accepts your kill. The fire elemental barely misses you.
The fire elemental hits you. The fire elemental burns you!
Your Stealth skill increases to level 3!
The fire elemental barely misses you. The fire elemental closely misses you.
The fire elemental barely misses you. The basilisk bites you.
The fire elemental hits you. The fire elemental burns you!
You see here a hell hound corpse.
The fire elemental hits you. The fire elemental burns you!
The fire elemental barely misses you. The basilisk completely misses you.
The fire elemental hits you. The fire elemental burns you!
The basilisk completely misses you. The fire elemental barely misses you.
You closely miss the basilisk. The fire elemental barely misses you.
You thump the basilisk!
The basilisk's magic leaks into the air.
The basilisk is moderately wounded.
The basilisk falters for a moment.
The fire elemental barely misses you.
You impale the basilisk!!
You kill the basilisk!
Trog accepts your kill. The fire elemental misses you.
The fire elemental hits you. The fire elemental burns you!
The fire elemental hits you. The fire elemental burns you!
Azrael gestures at you. The bolt of fire hits you!!
* * * LOW HITPOINT WARNING * * *
The fire elemental hits you. The fire elemental burns you!
* * * LOW HITPOINT WARNING * * *
The fire elemental hits you. The fire elemental burns you!
* * * LOW HITPOINT WARNING * * *
The fire elemental hits you. The fire elemental burns you!
* * * LOW HITPOINT WARNING * * *
Azrael hits you with a +4 scimitar of flaming!!
You die...

.....##.#.###.....#
.....#....#...##.##
...........#...#.#
.....#...#.......### ##
.....##.##.#...#.#.###..#
...........##.##.#.......
.###...........°......##
###..........EE○......#
#..<.#........@R###...#
#...##........E.# .##
#..................
.....#.###.....#.....#
...>..####......#..####
...##.. ..........## ..#
#.. ........... .. ...
......#....


You could see Azrael and 3 fire elementals.

Vanquished Creatures
  Rupert (D:12)
  Gastronok (D:12)
  Snorg (D:12)
  A vault guard (D:14)
  4 boulder beetles
  A dancing weapon (D:14)
  3 two-headed ogres
  Nergalle (D:11)
  Pikel (D:5)
  A deep elf pyromancer (D:12)
  2 ugly things
  3 cyclopes
  The ghost of ioannis32 the Covert, a novice OpBr of Yredelemnul (D:6)
  2 gargoyles
  A freezing wraith (D:13)
  A kobold demonologist (D:7)
  A komodo dragon (D:12)
  2 trolls
  Prince Ribbit (D:8)
  6 slime creatures (D:12)
  Sigmund (D:4)
  3 shadows (D:11)
  2 wraiths
  2 vampires
  A spriggan (shapeshifter) (D:13)
  2 wyverns (D:10)
  15 yaks
  9 vampire mosquitoes
  A steam dragon (D:7)
  2 basilisks
  Edmund (D:5)
  2 acid dragons
  Menkaure (D:5)
  A hell hound (D:14)
  Duvessa (D:4)
  7 orc warriors
  2 sky beasts
  Pargi (Sewer)
  3 black bears (D:6)
  5 centaurs
  5 ogres
  3 boggarts (D:13)
  5 kobold brigands
  2 phantoms
  Blork the orc (D:4)
  A brain worm (Sewer)
  2 bullfrogs
  2 gnoll sergeants
  4 scorpions
  5 wights (D:7)
  Dowan (D:4)
  4 howler monkeys
  A bombardier beetle (D:4)
  3 jellies
  4 hounds
  6 orc priests
  A gnoll bouda (D:4)
  Jessica (D:3)
  7 iguanas
  21 orc wizards
  14 gnolls
  A river rat (D:3)
  14 adders
  A white imp (D:5)
  2 ufetubi (D:6)
  4 ribbon worms
  3 dart slugs
  70 orcs
  5 endoplasms
  4 giant cockroaches
  4 goblins
  5 hobgoblins
  5 jackals (D:3)
  6 quokkas
  8 ball pythons
  3 bats
  6 frilled lizards
  18 kobolds
  7 rats
356 creatures vanquished.

Notes
Turn   | Place    | Note
-------+----------+-------------------------------------------
     0 | D:1      | Marvel the Troll Berserker began the quest for the Orb.
     0 | D:1      | Reached XP level 1. HP: 22/22 MP: 0/0
   396 | D:1      | Reached XP level 2. HP: 29/29 MP: 1/1
  1074 | D:2      | Reached skill level 3 in Maces & Flails
  1089 | D:2      | Reached XP level 3. HP: 36/36 MP: 2/2
  1097 | D:2      | Reached ** piety under Trog
  1253 | D:2      | Found a faded altar of an unknown god.
  1293 | D:2      | Reached XP level 4. HP: 43/44 MP: 3/3
  1673 | D:3      | Reached skill level 4 in Maces & Flails
  1685 | D:3      | Reached XP level 5. HP: 46/53 MP: 4/4
  1726 | D:3      | Found a snail-covered altar of Cheibriados.
  1772 | D:3      | Reached *** piety under Trog
  1975 | D:3      | Noticed Jessica
  1979 | D:3      | Killed Jessica
  2149 | D:3      | Found a glowing drain.
  2182 | Sewer    | Entered a sewer
  2208 | Sewer    | Reached XP level 6. HP: 53/61 MP: 2/5
  2319 | Sewer    | Reached skill level 5 in Maces & Flails
  2337 | Sewer    | Noticed Pargi
  2347 | Sewer    | Killed Pargi
  2554 | D:4      | Found a shimmering altar of Xom.
  2565 | D:4      | Reached XP level 7. HP: 55/67 MP: 6/6
  2590 | D:4      | Noticed Blork the orc
  2595 | D:4      | Killed Blork the orc
  2598 | D:4      | Reached **** piety under Trog
  2674 | D:4      | Noticed Sigmund
  2681 | D:4      | Killed Sigmund
  2682 | D:4      | Reached skill level 6 in Maces & Flails
  2799 | D:4      | Noticed Duvessa
  2799 | D:4      | Noticed Dowan
  2812 | D:4      | Killed Duvessa
  2815 | D:4      | Killed Dowan
  2891 | D:4      | Reached XP level 8. HP: 75/78 MP: 7/7
  2942 | D:4      | Found Xagithro's Distillery.
  2950 | D:4      | Bought a potion of curing for 36 gold pieces
  2950 | D:4      | Bought a potion of heal wounds for 60 gold pieces
  3035 | D:4      | Found an iron altar of Okawaru.
  3035 | D:4      | Found a runed translucent door.
  3084 | D:4      | Reached skill level 7 in Maces & Flails
  3196 | D:4      | Found the +0 toga "Victory" {*Victory Clar}
  3375 | D:5      | Entered Level 5 of the Dungeon
  3703 | D:5      | Reached ***** piety under Trog
  3729 | D:5      | Found a broken altar of Ashenzari.
  3730 | D:5      | Found a stormy altar of Qazlal.
  3764 | D:5      | Noticed Edmund
  3766 | D:5      | Found a staircase to the Ecumenical Temple.
  3793 | D:5      | Reached skill level 8 in Maces & Flails
  3802 | D:5      | Killed Edmund
  3838 | D:5      | Reached skill level 5 in Dodging
  3838 | D:5      | Reached skill level 1 in Stealth
  3928 | D:5      | Noticed Menkaure
  3936 | D:5      | Killed Menkaure
  3983 | D:5      | Reached XP level 9. HP: 87/87 MP: 8/8
  4080 | D:5      | Noticed Pikel
  4110 | D:5      | Killed Pikel
  4111 | D:5      | Reached skill level 5 in Fighting
  4111 | D:5      | Reached skill level 9 in Maces & Flails
  4623 | D:6      | Reached skill level 1 in Unarmed Combat
  4628 | D:6      | Received a gift from Trog
  5259 | D:6      | Found a runed translucent gate.
  5260 | D:6      | Found a runed translucent gate.
  5261 | D:6      | Found a runed translucent gate.
  5287 | D:6      | Noticed ioannis32's ghost (novice OpBr)
  5467 | D:6      | Killed ioannis32's ghost
  5486 | D:6      | Reached XP level 10. HP: 98/98 MP: 9/9
  5580 | D:7      | Reached skill level 10 in Maces & Flails
  5811 | D:7      | Noticed a sun demon
  5819 | D:7      | Noticed an orange demon
  6454 | D:8      | Received a gift from Trog
  6650 | D:8      | Noticed a two-headed ogre
  6657 | D:8      | Killed a two-headed ogre
  6658 | D:8      | Reached skill level 11 in Maces & Flails
  7027 | D:8      | Noticed Prince Ribbit
  7033 | D:8      | Killed Prince Ribbit
  7174 | D:9      | Found a staircase to the Lair.
  7605 | D:9      | Reached XP level 11. HP: 100/107 MP: 3/10
  7664 | D:10     | Entered Level 10 of the Dungeon
  8032 | D:10     | Found Lerchoih's Weapon Shoppe.
  8033 | D:10     | Found Nakkure's Distillery.
  8033 | D:10     | Found Maif Tonn's Assorted Antiques.
  8085 | D:10     | Reached skill level 12 in Maces & Flails
  8715 | D:11     | Noticed a two-headed ogre
  8728 | D:11     | Killed a two-headed ogre
  8741 | D:11     | Reached skill level 1 in Throwing
  9144 | D:11     | Found a staircase to the Orcish Mines.
  9172 | D:11     | Reached ****** piety under Trog
  9183 | D:11     | Identified the +1 great mace "Petilupa" {flame, *Rage rC+
                  | rN+ SInv} (Trog gifted it to you on level 11 of the
                  | Dungeon)
  9183 | D:11     | Received a gift from Trog
  9298 | D:12     | Reached skill level 13 in Maces & Flails
  9331 | D:12     | Noticed a deep elf pyromancer
  9340 | D:12     | Killed a deep elf pyromancer
  9352 | D:12     | Noticed a green ugly thing
  9364 | D:12     | Killed a green ugly thing
  9474 | D:12     | Noticed Nergalle
  9488 | D:11     | Reached XP level 12. HP: 106/119 MP: 3/11
  9513 | D:12     | Noticed Snorg
  9520 | D:11     | Killed Nergalle
  9576 | D:12     | Noticed Gastronok
  9584 | D:12     | Killed Snorg
  9647 | D:12     | Killed Gastronok
  9688 | D:12     | Noticed a boulder beetle
  9709 | D:12     | Killed a boulder beetle
  9782 | D:12     | Noticed Rupert
  9783 | D:12     | Paralysed by Rupert for 4 turns
  9796 | D:12     | Killed Rupert
 10006 | D:12     | Noticed a boulder beetle
 10020 | D:12     | Killed a boulder beetle
 10021 | D:12     | Reached skill level 14 in Maces & Flails
 10060 | D:12     | Noticed a two-headed ogre
 10067 | D:12     | Killed a two-headed ogre
 10612 | D:13     | Noticed a boulder beetle
 10624 | D:13     | Killed a boulder beetle
 11144 | D:14     | Noticed a boulder beetle
 11148 | D:14     | Noticed a centaur warrior
 11150 | D:14     | Noticed a centaur warrior
 11166 | D:13     | Killed a boulder beetle
 11288 | D:13     | Noticed a centaur warrior
 11288 | D:13     | Received a gift from Trog
 11383 | D:14     | Noticed a vault guard
 11405 | D:14     | Killed a vault guard
 11406 | D:14     | Reached XP level 13. HP: 122/131 MP: 4/12
 11429 | D:14     | Noticed Azrael
 11437 | D:14     | HP: 5/131 [fire elemental[Azrael] (13)]
 11437 | D:14     | Demolished by Azrael

Illustrated notes

Levels and vault maps discovered:
D:1:      scummos_arrival_checkerplants, layout_basic, serial_bayou,
          serial_bayou_shore_a, serial_bayou_crossing, serial_bayou_pond_a,
          serial_bayou_shore_b, serial_bayou_lagoon_a, serial_bayou_shore_b
D:2:      layout_rooms, shapermc_ecumenical_altar_gd, minmay_pentomino_q4
D:3:      layout_basic, mainiacjoe_overflow_six_doors_small,
          portal_sewer_entry_b, uniq_jessica
D:4:      layout_loops_ring, nicolae_overflow_guarded_unrand_okawaru_victory,
          xom_teletrap_fun, serial_shops, shop, uniq_sigmund,
          uniq_blork_the_orc, uniq_duvessa
D:5:      minmay_diamond_boxcup, layout_basic, mainiacjoe_overflow_divided_tiny,
          minmay_temple_entry_glass, serial_curves, eino_curves_03,
          eino_curves_03, minivault_14, uniq_edmund, uniq_menkaure, uniq_pikel
D:6:      minmay_skewed_foursquare, layout_basic, biasface_ghost_orc_armoury
D:7:      layout_loops_ring, minmay_manual_mail
D:8:      layout_loops_ring, uniq_prince_ribbit1
D:9:      layout_rooms, dpeg_oklobed_lair
D:10:     layout_stronghold, nicolae_sextant, chequers_serial_rivers_large_b,
          nicolae_shop_distant_corner_stores
D:11:     layout_cave_pools, kennysheep_orc_monster_closet_entryway,
          chequers_avenue
D:12:     layout_basic, gauntlet_entry_generic, minmay_misc_feat_x, uniq_snorg,
          uniq_nergalle, uniq_gastronok, uniq_rupert
D:13:     layout_roguey
D:14:     layout_cave_pools, erik_vaults_1, hangedman_decor_clover_reticule,
          kennysheep_small_circle, uniq_azrael, uniq_louise

Skill      XL: |  1  2  3  4  5  6  7  8  9 10 11 12 13 |
---------------+----------------------------------------+-----
Maces & Flails | 3 4 5 6 8 9 11 13 14 | 14.5
Dodging        | 3 4 5 6 7 8 |  8.5
Fighting       | 3 4 5 6 8 9 |  9.1
Stealth        | 1 2 3 |  3.0
Unarmed Combat | 1 |  1.1
Throwing       | 2 4 |  4.7

Action                     |  1- 3 |  4- 6 |  7- 9 | 10-12 | 13-15 || total
---------------------------+-------+-------+-------+-------+-------++-------
  Melee: Mace              |    95 |   178 |   409 |   153 |       ||   835
         Punch             |     1 |     2 |     6 |     4 |       ||    13
         Unarmed           |       |       |    20 |       |       ||    20
         Dire flail        |       |       |       |   391 |     4 ||   395
  Throw: Dart              |       |       |     1 |    56 |       ||    57
 Invoke: Berserk           |       |     2 |     4 |    11 |       ||    17
         Trog's Hand       |       |       |     1 |       |       ||     1
    Use: Scroll            |       |       |       |     6 |       ||     6
   Stab: Sleeping          |       |       |     5 |       |       ||     5
 Armour: Animal skin       |    78 |   136 |    78 |       |       ||   292
         Robe              |       |       |   144 |   302 |    27 ||   473
         Skin              |       |       |     6 |       |       ||     6
  Dodge: Dodged            |    67 |   106 |   275 |   333 |    13 ||   794
